 Dungeon Crawl Stone Soup version 0.31.0-32-g396128a36d (webtiles) character file.

Game seed: 7296234925850616761

107 PaiMei the Grave Robber (level 4, 32/32 HPs)
             Began as a Demonspawn Necromancer on Apr 6, 2024.
             Quit the game on level 2 of the Dungeon.
             The game lasted 00:02:27 (2666 turns).

PaiMei the Grave Robber (Demonspawn Necromancer)    Turns: 2666, Time: 00:02:27

Health: 32/32      AC:  4    Str:  9    XL:     4   Next: 56%
Magic:  8/8        EV: 12    Int: 23    God:
Gold:   154        SH:  0    Dex: 13    Spells: 7/8 levels left

rFire   . . .        c - +0 short sword
rCold   . . .        (no shield)
rNeg    . . .        a - +0 robe
rPois   .            (helmet restricted)
rElec   .            (no cloak)
rCorr   .            (no gloves)
SInv    .            (no boots)
Will    .....        (no amulet)
Stlth   ++           f - +6 ring of intelligence
HPRegen 0.25/turn    g - ring of wizardry
MPRegen 0.11/turn

%: wizardry (x1)
@: no status effects
A: horns 2, molten scales 1
a: no special abilities


You were on level 2 of the Dungeon.
You visited 1 branch of the dungeon, and saw 2 of its levels.

You collected 154 gold pieces.

Inventory:

Hand Weapons
 c - a +0 short sword (weapon)
Missiles
 j - 12 poisoned darts (quivered)
Armour
 a - a +0 robe (worn)
Jewellery
 f - a +6 ring of intelligence (left hand)
 g - a ring of wizardry (right hand)
 i - an amulet of guardian spirit
Scrolls
 d - a scroll of noise {unknown}
 e - a scroll of teleportation {unknown}
 h - 2 scrolls of immolation {unknown}
 k - a scroll of vulnerability {unknown}
 m - a scroll of torment {unknown}
 n - a scroll of enchant armour {unknown}
 o - a scroll of poison {unknown}
 p - a scroll of revelation {unknown}
Potions
 b - a potion of magic
 l - 2 potions of curing {unknown}


   Skills:
 + Level 1.5 Fighting
 + Level 2.6 Dodging
 - Level 2.0 Stealth
 + Level 2.7 Spellcasting
 + Level 5.1 Necromancy


You had 7 spell levels left.
You knew the following spells:

 Your Spells              Type           Power      Damage    Failure   Level
a - Necrotise             Necr           100%       1d9       1%          1

Your spell library contained the following spells:

 Spells                   Type           Power      Damage    Failure   Level
 Vampiric Draining        Necr           26%        2d7       1%          3
 Freeze                   Ice            12%        1d3       4%          1
 Summon Small Mammal      Summ           12%        N/A       4%          1
 Animate Dead             Necr           26%        N/A       6%          4
 Call Canine Familiar     Summ           3%         N/A       14%         3
 Frozen Ramparts          Ice            6%         1d1       14%         3
 Hailstorm                Conj/Ice       3%         3d5       14%         3
 Curse of Agony           Necr           26%        N/A       16%         5
 Summon Blazeheart Golem  Fire/Summ      3%         N/A       41%         4


Dungeon Overview and Level Annotations

Branches:
Dungeon (2/15)

Altars:

Shops:
D:1 [


Innate Abilities, Weirdness & Mutations

You have a pair of horns on your head.
You are partially covered in molten scales. (AC +2)


Message History

The rat squeaks loudly.
The rat writhes in agony!
You kill the rat!
The dead are walking!
Casting: Necrotise (safe; 1% risk of failure)
Confirm with . or Enter, or press ? or * to list all spells.
You can't see any susceptible monsters within range! (Use Z to cast anyway.)
Casting: Necrotise (safe; 1% risk of failure)
Confirm with . or Enter, or press ? or * to list all spells.
You can't see any susceptible monsters within range! (Use Z to cast anyway.)
You swap places.
A rat comes into view.
A rat is nearby!
Casting: Necrotise (safe; 1% risk of failure)
Confirm with . or Enter, or press ? or * to list all spells.
Aiming: Necrotise (safe; 1% risk of failure)
Press: ? - help, Shift-Dir - straight line, f - rat
Aim: a rat (asleep, ally target, chance to affect: 93%)
The rat squeaks loudly.
The rat writhes in agony.
You kill the rat!
Casting: Necrotise (safe; 1% risk of failure)
Confirm with . or Enter, or press ? or * to list all spells.
You can't see any susceptible monsters within range! (Use Z to cast anyway.)
Casting: Necrotise (safe; 1% risk of failure)
Confirm with . or Enter, or press ? or * to list all spells.
You can't see any susceptible monsters within range! (Use Z to cast anyway.)
Casting: Necrotise (safe; 1% risk of failure)
Confirm with . or Enter, or press ? or * to list all spells.
You can't see any susceptible monsters within range! (Use Z to cast anyway.)
Your rat skeleton crumbles into dust!
You swap places.
Your rat skeleton crumbles into dust!
Things that are here:
a +0 short sword; 5 stones
There is a stone staircase leading down here.
You open the door.
Done exploring.
Done exploring.
Are you sure you want to abandon this character and quit the game? (Confirm with "yes".)

#.######....#...#.
#......>....##.###
#.............#.#.
#............##...
#............#.###
########...........#..##
#.........#.#.###.......
#.#########.#.###.......
#.....)@....#..##.......
##############.##).....#
#.##....... #.........#
#############.......#
#...........#...#####
#...........##......#
#...........##....#.#
#.................#.#


There were no monsters in sight!

Vanquished Creatures
  An iguana (D:2)
  3 adders (D:2)
  A dart slug (D:1)
  5 bats
  4 endoplasms
  3 giant cockroaches
  2 goblins (D:1)
  5 hobgoblins
  4 jackals
  4 kobolds
  A quokka (D:1)
  7 ball pythons
  2 frilled lizards (D:1)
  6 rats
48 creatures vanquished.

Vanquished Creatures (collateral kills)
  An endoplasm (D:2)
  2 rats
3 creatures vanquished.

Grand Total: 51 creatures vanquished

Notes
Turn   | Place    | Note
-------+----------+-------------------------------------------
     0 | D:1      | PaiMei the Demonspawn Necromancer began the quest for the
                  | Orb.
     0 | D:1      | Reached XP level 1. HP: 13/13 MP: 3/3
   201 | D:1      | Found Feenk's Antique Armour Shoppe.
   555 | D:1      | Gained mutation: You are partially covered in molten
                  | scales. (AC +2) [demonic ancestry]
   555 | D:1      | Reached XP level 2. HP: 19/19 MP: 3/5
  1470 | D:2      | Gained mutation: You have a pair of small horns on your
                  | head. [demonic ancestry]
  1470 | D:2      | Reached XP level 3. HP: 25/25 MP: 2/6
  1834 | D:2      | Reached skill level 1 in Fighting
  2024 | D:2      | Gained mutation: You have a pair of horns on your head.
                  | [demonic ancestry]
  2024 | D:2      | Reached XP level 4. HP: 32/32 MP: 5/7
  2074 | D:2      | Reached skill level 5 in Necromancy
  2666 | D:2      | Quit the game

Illustrated notes

Levels and vault maps discovered:
D:1:      matt_arrival_los_fun, layout_basic, serial_bayou, serial_bayou_lake_a,
          serial_bayou_shore_b, serial_bayou_crossing, serial_bayou_pond_e,
          serial_shops, nicolae_shop_tiny_real_fake_doors, grunt_decor_cap,
          st_stairs_8, minmay_misc_feat_columns, hangedman_decor_points,
          chequers_jeans
D:2:      layout_basic, kennysheep_flooded_box, minmay_pentomino_pile

Skill      XL: |  1  2  3  4 |
---------------+-------------+-----
Stealth        | 2 |  2.0
Dodging        | 2 |  2.6
Fighting       | 1 |  1.5
Necromancy     | 5 |  5.1
Spellcasting   | |  2.7

Action                     |  1- 3 |  4- 6 || total
---------------------------+-------+-------++-------
  Melee: Short sword       |     6 |     2 ||     8
         Headbutt          |     1 |     1 ||     2
   Cast: Necrotise         |    57 |    23 ||    80
 Armour: Robe              |    14 |     6 ||    20
  Dodge: Dodged            |    18 |     8 ||    26
